 Dungeon Crawl Stone Soup version 0.24-a0-57-gac335f2 (webtiles) character file.

Game seed: 7710720543125169044

131 Amnesiac the Cutter (level 5, 0/27 HPs)
             Began as a Vine Stalker Monk on Feb 5, 2019.
             Succumbed to an orc's poison
             ... on level 4 of the Dungeon.
             The game lasted 00:02:17 (497 turns).

Amnesiac the Cutter (Vine Stalker Monk)              Turns: 497, Time: 00:02:18

Health: 0/27       AC:  5    Str: 14    XL:     5   Next: 14%
Magic:  4/6        EV: 12    Int: 10    God:
Gold:   32         SH:  5    Dex: 17    Spells: 4/4 levels left

rFire    . . .     SeeInvis .   h - -2 dagger (curse)
rCold    . . .     Gourm    .   d - +0 buckler
rNeg     . . .     Faith    .   b - +0 robe
rPois    .         Spirit   +   k - +2 hat
rElec    .         Reflect  .   j - +0 cloak
rCorr    .         Harm     .   (no gloves)
MR       .....                  (no boots)
Stlth    ++........             (no amulet)
HPRegen  0.49/turn              (no ring)
MPRegen  0.10/turn              (no ring)

@: lethally poisoned (0 -> -18)
A: fangs 2, regeneration 1, magic shield, antimagic bite, no potion heal 3, rot
immunity
a: no special abilities


You were on level 4 of the Dungeon.
You were not hungry.

You visited 1 branch of the dungeon, and saw 4 of its levels.

You collected 32 gold pieces.

Inventory:

Hand Weapons
 a - a +0 short sword
 h - a cursed -2 dagger (weapon)
Armour
 b - a +0 robe (worn)
 d - a +0 buckler (worn)
 j - a +0 cloak (worn)
 k - a +2 hat (worn)
Wands
 e - a wand of paralysis (7)
 g - a wand of scattershot (5)
Scrolls
 l - a scroll of remove curse {!r, unknown}
Potions
 i - a potion of mutation {!q}
 m - 2 potions of might {!q}
Comestibles
 c - 3 rations
 f - a chunk of flesh


   Skills:
 - Level 2.6 Fighting
 * Level 4.6 Short Blades
 - Level 2.4 Dodging
 - Level 2.4 Stealth
 + Level 2.0 Shields


You had 4 spell levels left.
You didn't know any spells.
Your spell library was empty.

Dungeon Overview and Level Annotations

Branches:
Dungeon (4/15)
 Temple: D:4-7

Altars:
Ashenzari


Innate Abilities, Weirdness & Mutations

You have extremely sharp teeth.
Your natural rate of healing is unusually fast.
When hurt, damage is shared between your health and your magic reserves.
Your bite disrupts and absorbs the magic of your enemies.
Potions cannot restore your health.
You are immune to rotting.


Message History

The orc closely misses you.
Some of the chunks of flesh in your inventory have rotted away.
You hit the orc but do no damage. You bite the orc. You drain its power.
The orc is moderately wounded.
The orc barely misses you.
You hit the orc but do no damage.
The orc is moderately wounded.
You hit the orc but do no damage. You bite the orc, but do no damage.
The orc is moderately wounded.
The orc barely misses you.
You hit the orc.
The orc is heavily wounded.
The orc hits you with a +2 trident of venom!
You are poisoned.
You hit the orc but do no damage.
The orc is heavily wounded.
You feel sick.
You hit the orc.
The orc is almost dead.
You feel sick. The orc misses you.
You closely miss the orc.
The orc is severely wounded.
You feel sick.
The orc hits you with a +2 trident of venom.
You are more poisoned.
You hit the orc but do no damage.
The orc is severely wounded.
You feel sick. The orc hits you but does no damage.
You are lethally poisoned!
You hit the orc but do no damage.
The orc is severely wounded.
* * * LOW HITPOINT WARNING * * *
You feel sick.
You hit the orc but do no damage. You bite the orc, but do no damage.
The orc is severely wounded.
* * * LOW HITPOINT WARNING * * *
You feel sick.
The orc hits you with a +2 trident of venom.
* * * LOW HITPOINT WARNING * * *
You hit the orc but do no damage. You bite the orc, but do no damage.
The orc is severely wounded.
* * * LOW HITPOINT WARNING * * *
You feel sick.
The orc hits you with a +2 trident of venom.
* * * LOW HITPOINT WARNING * * *
You are more poisoned.
You barely miss the orc. You bite the orc. You drain its power.
You feel invigorated.
The orc is almost dead.
* * * LOW HITPOINT WARNING * * *
You feel sick.
You hit the orc but do no damage.
The orc is almost dead.
* * * LOW HITPOINT WARNING * * *
You feel sick. The orc completely misses you.
You barely miss the orc. You bite the orc, but do no damage.
The orc is almost dead.
* * * LOW HITPOINT WARNING * * *
You feel sick.
The orc hits you with a +2 trident of venom.
Okay, then.
You barely miss the orc.
The orc is almost dead.
You die...

#.............# ##.
#.............# #.
########........... #.
#...###............# .
###.#.##...........<##
#.._..#.............#
#.#.#.#.............#
#.#.#.....8.........#
#.#...#.@..........#
#.#.#.##.o.........#
#.#.#..###.........#
#...#...##...<....##
#..........#......#
#............#....#
#........o#.##....##
#...........#####...
#...........# #.#..


You could see an orc.

Vanquished Creatures
  An ogre (D:4)
  A centaur skeleton (D:4)
  An ooze (D:1)
  A worm (D:4)
  An orc (D:4)
  A bat (D:1)
  A quokka (D:4)
  A frilled lizard (D:1)
  2 kobolds (D:1)
  A leopard gecko skeleton (D:4)
  2 rats
13 creatures vanquished.

Notes
Turn   | Place    | Note
-------+----------+-------------------------------------------
     0 | D:1      | Amnesiac the Vine Stalker Monk began the quest for the Orb.
     0 | D:1      | Reached XP level 1. HP: 11/11 MP: 2/2
    14 | D:1      | Reached skill level 3 in Short Blades
    36 | D:1      | Reached XP level 2. HP: 13/16 MP: 1/3
   265 | D:4      | Reached skill level 1 in Shields
   265 | D:4      | Reached XP level 3. HP: 14/19 MP: 4/4
   328 | D:4      | Noticed an ogre
   335 | D:4      | Killed an ogre
   335 | D:4      | Reached skill level 4 in Short Blades
   335 | D:4      | Gained mutation: Your natural rate of healing is unusually
                  | fast. [Vine Stalker growth]
   335 | D:4      | Reached XP level 4. HP: 22/23 MP: 5/5
   335 | D:4      | Reached XP level 5. HP: 26/27 MP: 6/6
   449 | D:4      | Found a shattered altar of Ashenzari.
   496 | D:4      | HP: 1/27 [poisoned by an orc]
   497 | D:4      | Succumbed to an orc's poison

Vault maps used:
D:1:      giann_horns, kennysheep_decorative_pillar
D:2:      serial_bayou, serial_bayou_pond_e, serial_bayou_lagoon_a,
          serial_bayou_shore_b, serial_bayou_shore_a
D:3:      elyvilon_altar_1, first_ration, kennysheep_generic_room_12
D:4:      ashenzari_altar_1, minmay_temple_entry_nine_rooms,
          serial_column_ruins, column_ruins_columns_corner,
          column_ruins_open_tiny, column_ruins_grid_1, column_ruins_grid_3,
          column_ruins_open_tiny, column_ruins_grid_1,
          column_ruins_columns_straight

Skill      XL: |  1  2  3  4  5 |
---------------+----------------+-----
Short Blades   | 3 4 |  4.6
Shields        | 1 2 |  2.0
Fighting       | |  2.6
Dodging        | |  2.4
Stealth        | |  2.4

Action                   |  1- 3 |  4- 6 || total
-------------------------+-------+-------++-------
Melee: Short sword       |     7 |       ||     7
       Bite              |    13 |    14 ||    27
       Dagger            |    27 |    34 ||    61
Evoke: Wand              |     1 |       ||     1
  Use: Scroll            |     5 |       ||     5
 Stab: Sleeping          |     2 |       ||     2
       Paralysed         |     2 |       ||     2
Armor: Robe              |     6 |     2 ||     8
Dodge: Dodged            |    24 |    10 ||    34
Block: Buckler           |     3 |     4 ||     7

Table legend:
 A = Non-vault XP
 B = Vault XP
 C = Vault XP percentage of total XP
 D = Non-vault monster count
 E = Vault monster count
 F = Vault count percentage of total count
                 A         B        C        D         E       F
            +---------+---------+-------+---------+---------+-------
      Total |     188 |       0 |   0.0 |      13 |       0 |   0.0
            +---------+---------+-------+---------+---------+-------
        D:1 |      13 |       0 |   0.0 |       6 |       0 |   0.0
        D:2 |       1 |       0 |   0.0 |       1 |       0 |   0.0
        D:4 |     174 |       0 |   0.0 |       6 |       0 |   0.0
            +---------+---------+-------+---------+---------+-------
